 Dungeon Sprint DCSS version 0.26-a0-708-g17f3b190f9 (webtiles) character file.

Game seed: 16947617737518137607

10 olmar the Covered (level 2, -4/28 HPs)
             Began as a Deep Dwarf Fighter on Oct 29, 2020.
             Slain by Menkaure (16 damage)
             ... in the Dungeon (Sprint II: "The Violet Keep of Menkaure").
             The game lasted 00:00:27 (41 turns).

olmar the Covered (Deep Dwarf Fighter)                Turns: 41, Time: 00:00:27

Health: -4/28      AC:  7    Str: 19    XL:     2   Next: 10%
Magic:  2/2        EV:  7    Int:  8    God:
Gold:   243        SH:  9    Dex: 12    Spells: 1/1 levels left

rFire    . . .     SeeInvis .   a - +0 war axe
rCold    . . .     Faith    .   c - +0 kite shield
rNeg     . . .     Spirit   .   b - +0 scale mail
rPois    .         Reflect  .   (no helmet)
rElec    .         Harm     .   (no cloak)
rCorr    .         Rampage  .   (no gloves)
MR       .....     NoTele   +   (no boots)
Stlth    ..........             (no amulet)
HPRegen  0.00/turn              (no ring)
MPRegen  0.08/turn              (no ring)

@: non-regenerating, very slow
A: damage resistance, heal wounds, sense surroundings 1, no regeneration
a: Heal Wounds


You were in the Dungeon.
You visited 1 branch You collected 243 gold pieces.

Inventory:

Hand Weapons
 a - a +0 war axe (weapon)
Armour
 b - a +0 scale mail (worn)
 c - a +0 kite shield (worn)
Scrolls
 j - a scroll of blinking
Potions
 d - a potion of might
 e - a potion of curing
 f - a potion of heal wounds
 g - a potion of haste
 h - 2 potions of magic
 i - a potion of berserk rage


   Skills:
 + Level 3.4 Fighting
 + Level 2.7 Axes
 + Level 4.2 Armour
 + Level 4.1 Shields


You had one spell level left.
You didn't know any spells.
Your spell library was empty.

Dungeon Overview and Level Annotations

Branches:
Dungeon (1/1)

Altars:

Shops:
D ?([!(?[:}:

Annotations:
D Menkaure, Roxanne


Innate Abilities, Weirdness & Mutations

You are resistant to damage.
You can heal yourself by infusing magical energy.
You passively map a small area around you.
You do not regenerate.


Message History

Menkaure, Prince of Dust comes into view.
Menkaure shouts!
Unknown command.
Roxanne wonders, "Maybe oil would work?
Probably not."
Marking area around Roxanne as unsafe for travelling.
Unknown command.
Menkaure sighs, "Let me perform the rites..."
Menkaure calls on the powers of darkness!
Your body is wracked with pain!
Unknown command.
You barely miss Menkaure.
Menkaure is moderately damaged.
You block Menkaure's attack.
Unknown command.
You closely miss Menkaure.
Menkaure is moderately damaged.
Menkaure calls on the powers of darkness!
Your body is wracked with pain!
Menkaure hits you!
Ouch! That really hurt!
You die...

...∩.∩#≈#.####.##,
∩
....∩.+≈'##.†.<.+
* *
.....∩#≈#...##.##
,, *
▓▓▓▓###≈##.###+# *
, $######≈≈###* ,
* , ##≈≈≈# , ≈≈≈
#+#≈## , ≈≈≈ *
#≈≈##+##≈≈§§≈ ≈ ≈
, ,, ##≈≈≈@≈≈≈≈≈§≈
, , #+++#M§§#≈§≈ ≈
, , ** ≈§§≈§§# * ,
§§§§§§≈# ≈ , ,
§§§8§§§§§+ * *
≈≈§§§§≈§§##≈ * ,
*##§§§.≈≈≈## ,
####+#### * ≈ *


You could see Roxanne and Menkaure.

Vanquished Creatures
  3 worms (D)
3 creatures vanquished.

Notes
Turn   | Place    | Note
-------+----------+-------------------------------------------
     0 | D        | olmar the Deep Dwarf Fighter began the quest for the Orb.
     0 | D        | Reached XP level 1. HP: 20/20 MP: 1/1
    24 | D        | Found Hehitali's Gadget Boutique.
    24 | D        | Found Oda Wih's Antique Armour Shop.
    24 | D        | Found Uroupij's Weapon Boutique.
    24 | D        | Found Hoamp's Distillery.
    25 | D        | Found Etuas's Book Shop.
    25 | D        | Found Woxassisk's Magic Scroll Shop.
    25 | D        | Found Miacs's Antique Armour Shop.
    29 | D        | Reached XP level 2. HP: 28/28 MP: 2/2
    31 | D        | Found Laink's Book Boutique.
    31 | D        | Found Mocun's Antique Weapon Shop.
    31 | D        | Found Vikubah's Magic Scroll Boutique.
    35 | D        | Noticed Menkaure
    38 | D        | Noticed Roxanne
    41 | D        | Slain by Menkaure

Illustrated notes

Levels and vault maps discovered:
D:        the_violet_keep_of_menkaure [sprint2_stairs_cluster_1,
          sprint2_shoproom, sprint2_temple, sprint2_basic_supplies,
          sprint2_obstacle_6, sprint2_obstacle_5, sprint2_obstacle_7,
          sprint2_obstacle_1, sprint2_obstacle_2, sprint2_timed_cluster_1,
          sprint2_smallroom_cluster_1, sprint2_smallroom_final_cluster_1,
          sprint2_transparent_cluster_1, sprint2_second_timed_cluster_1,
          sprint2_sniper_area_1, sprint2_heavy_combat_area_1,
          sprint2_mutation_trap_area_1, sprint2_forest_area_1,
          sprint2_light_combat_area_1, sprint2_behind_water_1,
          sprint2_near_end_vault_1]

Skill      XL: |  1 |
---------------+----+-----
Fighting       | 3 |  3.4
Armour         | 4 |  4.2
Shields        | 4 |  4.1
Axes           | |  2.7

Action                   || total
-------------------------++-------
Melee: War axe           ||    18
 Abil: Heal Wounds       ||     1
Armor: Scale mail        ||     1
Dodge: Dodged            ||     3
Block: Kite shield       ||     5

Table legend: (Time is in decaauts)
 A = Elapsed time spent in this place.
 B = Non-inter-level travel time spent in this place.
 C = Inter-level travel time spent in this place.
 D = Time resting spent in this place.
 E = Time spent auto-exploring this place.
 F = Levels seen in this place.
 G = Mean time per level.
                   A        B        C        D        E       F      G
               +--------+--------+--------+--------+--------+-----+--------+
         Total |     54 |     54 |      0 |      0 |      0 |   1 |   54.0 |
       Dungeon |     54 |     54 |      0 |      0 |      0 |   1 |   54.0 |
               +--------+--------+--------+--------+--------+-----+--------+

Top non-repeatable levels by time:
       D: 54 daAuts
